 Dungeon Crawl Stone Soup version 0.25-a0-1024-gbfbf38f2cb (webtiles) character file.

Game seed: 12934613787883018789, levelgen mode: deterministic

134 Flugslaktarn the Skirmisher (level 4, -7/36 HPs)
             Began as a Mummy Fighter on May 12, 2020.
             Mangled by Crazy Yiuf
             ... wielding a +4 quarterstaff of chaos
              (9 damage)
             ... on level 2 of the Dungeon.
             The game lasted 00:01:14 (2486 turns).

Flugslaktarn the Skirmisher (Mummy Fighter)         Turns: 2486, Time: 00:01:15

Health: -7/36      AC:  6    Str: 19    XL:     4   Next: 95%
Magic:  4/4        EV:  7    Int:  7    God:
Gold:   139        SH:  9    Dex: 12    Spells: 3/3 levels left

rFire    x . .     SeeInvis .   a - +0 war axe
rCold    + . .     Gourm    .   c - +0 kite shield
rNeg     + + +     Faith    .   b - +0 scale mail
rPois    ∞         Spirit   .   (no helmet)
rElec    .         Reflect  .   (no cloak)
rCorr    .         Harm     .   (no gloves)
MR       .....                  (no boots)
Stlth    ..........             (no amulet)
HPRegen  0.12/turn              (no ring)
MPRegen  0.09/turn              (no ring)

@: no status effects
A: no food or potions, fire vulnerability, cold resistance 1, negative energy
resistance 3, torment resistance, unbreathing
a: no special abilities


You were on level 2 of the Dungeon.
You were not hungry.

You visited 1 branch of the dungeon, and saw 2 of its levels.

You collected 139 gold pieces.

Inventory:

Hand Weapons
 a - a +0 war axe (weapon)
Armour
 b - a +0 scale mail (worn)
 c - a +0 kite shield (worn)
Jewellery
 d - an uncursed ring of poison resistance {unknown}
   (You found it on level 1 of the Dungeon)
 i - an uncursed amulet of the gourmand {unknown}
   (You found it on level 1 of the Dungeon)
 k - a +4 ring of dexterity {unknown}
   (You found it on level 1 of the Dungeon)
Scrolls
 e - 5 scrolls of remove curse {unknown}
 f - 2 scrolls of identify {unknown}
 g - a scroll of blinking {unknown}
 h - 4 scrolls of enchant armour {unknown}
 j - 2 scrolls of amnesia {unknown}
 l - a scroll of random uselessness {unknown}
 m - a scroll of teleportation {unknown}


   Skills:
 + Level 3.6 Fighting
 * Level 2.9 Axes
 + Level 3.0 Armour
 + Level 3.0 Shields


You had 3 spell levels left.
You didn't know any spells.
Your spell library was empty.

Dungeon Overview and Level Annotations

Branches:
Dungeon (2/15)

Altars:
Cheibriados

Annotations:
D:2 Crazy Yiuf


Innate Abilities, Weirdness & Mutations

You do not eat or drink.
Your flesh is vulnerable to fire.
You are immune to poison.
Your flesh is cold resistant. (rC+)
You are immune to negative energy. (rN+++)
You are immune to unholy pain and torment.
You can survive without breathing.


Message History

Crazy Yiuf screams, "Line sanguine turtle!"
Crazy Yiuf cries, "You leg down broken song, no?"
Crazy Yiuf laughs, "Walk arm broken!"
Crazy Yiuf says, "Tonal head green!"
You see here an adder skeleton.
Crazy Yiuf yells, "Citrus chair sanguine!"
Crazy Yiuf cries, "Peeping ragdoll bag!"
Crazy Yiuf yells, "Gum!"
Crazy Yiuf cries, "You leg down broken song, no?"
Crazy Yiuf grits, "Paint!
Lay green fast."
Okay, then.
Crazy Yiuf barely misses you.
You hit Crazy Yiuf but do no damage. You block Crazy Yiuf's attack.
You hit Crazy Yiuf but do no damage.
Crazy Yiuf hits you with a +4 quarterstaff of chaos!
* * * LOW HITPOINT WARNING * * *
You slash Crazy Yiuf!
Crazy Yiuf is heavily wounded.
Crazy Yiuf hits you with a +4 quarterstaff of chaos!
You die...

# #.# #.# #.# #.. # #.# #.#
#.######... #.# #.# #..........
#.# #.##### ###### #..#####..#
#.# #.....# #....# #..# #..#
#.# #####.###.##.## #..## #..#
#(# #.##....#.###...# #..# #.#
#...).g###....#.## #..# #.#
####..@.#.###....# #..#
#.###########.##.#######.###...
#.............##..............#
########################.......
########


You could see Crazy Yiuf.

Vanquished Creatures
  Natasha (D:2)
  4 adders (D:2)
  An ooze (D:2)
  A worm (D:2)
  2 dart slugs
  4 leopard geckos
  2 giant cockroaches
  12 hobgoblins
  4 jackals (D:1)
  7 bats
  6 frilled lizards
  4 goblins
  5 kobolds
  5 rats
58 creatures vanquished.

Notes
Turn   | Place    | Note
-------+----------+-------------------------------------------
     0 | D:1      | Flugslaktarn the Mummy Fighter began the quest for the Orb.
     0 | D:1      | Reached XP level 1. HP: 18/18 MP: 1/1
    54 | D:1      | Reached XP level 2. HP: 24/24 MP: 2/2
   596 | D:1      | Reached XP level 3. HP: 27/29 MP: 3/3
  1389 | D:2      | Reached XP level 4. HP: 22/35 MP: 4/4
  1533 | D:2      | Found a snail-covered altar of Cheibriados.
  1541 | D:2      | Noticed Natasha
  1554 | D:2      | Killed Natasha
  2333 | D:2      | Found a runed translucent door.
  2334 | D:2      | Noticed Crazy Yiuf
  2486 | D:2      | Mangled by Crazy Yiuf

Illustrated notes

Levels and vault maps discovered:
D:1:      lemuel_arrival_lava_pool, layout_rooms, minmay_tripent
D:2:      layout_loops_ring, cheibriados_altar_1, uniq_natasha,
          uniq_crazy_yiuf_cottage

Skill      XL: |  1  2  3  4 |
---------------+-------------+-----
Axes           | 2 |  2.9
Armour         | 3 |  3.0
Shields        | 3 |  3.0
Fighting       | |  3.6

Action                   |  1- 3 |  4- 6 || total
-------------------------+-------+-------++-------
Melee: War axe           |   119 |    79 ||   198
Armor: Scale mail        |    81 |    46 ||   127
Dodge: Dodged            |    70 |    36 ||   106
Block: Kite shield       |    88 |    44 ||   132

Table legend:
 A = Non-vault XP
 B = Vault XP
 C = Vault XP percentage of total XP
 D = Non-vault monster count
 E = Vault monster count
 F = Vault count percentage of total count
                 A         B        C        D         E       F
            +---------+---------+-------+---------+---------+-------
      Total |     155 |      37 |  19.3 |      55 |       3 |   5.2
            +---------+---------+-------+---------+---------+-------
        D:1 |      50 |       2 |   3.8 |      27 |       2 |   6.9
        D:2 |     105 |      35 |  25.0 |      28 |       1 |   3.4
            +---------+---------+-------+---------+---------+-------
